 Dungeon Crawl Stone Soup version 0.32-a0-599-gba8f9cf90e (webtiles) character file.

Game seed: 241545534281067089

13251 backslashecho the Cleaver (level 12, -2/95 HPs)
             Began as a Coglin Berserker on Mar 3, 2024.
             Was an Elder of Trog.
             Slain by an orc warrior
             ... wielding a +0 halberd
              (10 damage)
             ... on level 11 of the Dungeon.
             The game lasted 00:25:38 (12808 turns).

backslashecho the Cleaver (Coglin Berserker)       Turns: 12808, Time: 00:25:39

Health: -2/95      AC: 16    Str: 26    XL:     12   Next: 4%
Magic:  12/12      EV:  9    Int:  6    God:    Trog [****..]
Gold:   256        SH:  0    Dex: 14    Spells: 11/11 levels left

rFire   . . .        B - +0 broad axe {Synnove}
rCold   . . .        I - +1 short sword (speed) {Qiu}
rNeg    . . .        G - +0 plate armour
rPois   +            H - +1 hat of the Lute {rPois Str+3}
rElec   .            (no cloak)
rCorr   .            K - +0 pair of gloves
SInv    .            n - +0 pair of boots
Will    .....        (amulet unavailable) Stlth
                     (ring unavailable)
HPRegen 0.35/turn    (ring unavailable)
MPRegen 0.13/turn    (no gizmo)

%: no passive effects
@: on berserk cooldown, slowed, revving, very slow
A: off-hand wielding, slow wielding, warmup strikes, no jewellery
a: Invent Gizmo, Renounce Religion, Berserk, Trog's Hand, Brothers in Arms


You were on level 11 of the Dungeon.
You worshipped Trog.
Trog was greatly pleased with you.
You visited 1 branch of the dungeon, and saw 11 of its levels.

You collected 757 gold pieces.
You spent 501 gold pieces at shops.

Inventory:

Hand Weapons
 w - a +0 war axe of freezing {Yejun}
 B - a +0 broad axe (weapon) {Synnove}
 F - a +2 whip of electrocution {Kiyoto}
 I - a +1 short sword of speed (offhand) {Qiu}
Missiles
 r - 10 poisoned darts (quivered)
 A - a throwing net
Armour
 n - a +0 pair of boots (worn)
 G - a +0 plate armour (worn)
 H - the +1 hat of the Lute (worn) {rPois Str+3}
   (You found it on level 9 of the Dungeon)

   Str+3:     It affects your strength (+3).
   rPois:     It protects you from poison.
 J - +0 acid dragon scales
 K - a +0 pair of gloves (worn)
Wands
 s - a wand of mindburst (17)
 y - a wand of roots (15)
 z - a wand of paralysis (17)
 C - a wand of flame (69)
 E - a wand of polymorph (11)
Scrolls
 a - a scroll of fog
 c - a scroll of torment
 d - 3 scrolls of fear
 e - a scroll of summoning {unknown}
 f - a scroll of enchant armour
 g - a scroll of vulnerability {unknown}
 h - a scroll of silence {unknown}
 i - a scroll of noise
 j - 2 scrolls of revelation
 l - 2 scrolls of enchant weapon {unknown}
 p - 2 scrolls of identify
 x - a scroll of amnesia {unknown}
 D - a scroll of teleportation
Potions
 b - 2 potions of might {unknown}
 k - 2 potions of ambrosia
 m - a potion of resistance
 o - a potion of berserk rage
 q - a potion of invisibility
 t - 4 potions of mutation
 u - 3 potions of lignification
 v - 3 potions of curing


   Skills:
 - Level 9.0 Fighting
 - Level 4.0 Short Blades
 * Level 14.5 Axes
 + Level 5.6 Armour
 - Level 5.0 Dodging
 + Level 3.3 Evocations


You had 11 spell levels left.
You didn't know any spells.
Your spell library was empty.

Dungeon Overview and Level Annotations

Branches:
Dungeon (11/15)            Temple (0/1) D:4            Lair (0/5) D:9
    Orc (0/2) D:9

Altars:
Elyvilon
Gozag
Hepliaklqana
Nemelex Xobeh
Qazlal
Uskayaw
Vehumet
Xom
Yredelemnul
Beogh

Shops:
D:4 (   D:8 (   D:10 *


Innate Abilities, Weirdness & Mutations

You can wield a second weapon in your off-hand.
It takes a long time for you to wield or remove held weapons.
Your first few attacks do less damage.
You cannot equip rings or amulets.


Message History

You puncture the orc with your +1 short sword of speed!
You kill the orc!
Trog accepts your kill.
You slice the orc with your +0 broad axe!!
You kill the orc!
Trog accepts your kill.
You hit the orc knight but do no damage.
An orc warrior comes into view. It is wielding a +0 mace.
You closely miss the orc knight with your +1 short sword of speed.
The orc knight is lightly wounded.
You slash the orc knight with your +0 broad axe!
You completely miss the orc warrior with your +0 broad axe.
You slice the orc knight with your +0 broad axe!!
The orc knight is severely wounded.
You hit the orc warrior with your +0 broad axe.
You barely miss the orc knight with your +1 short sword of speed.
The orc knight hits you with a +1 long sword!
The orc warrior hits you with a +0 long sword.
You take 19 damage, and have 77/133 hp.
You barely miss the orc knight with your +1 short sword of speed.
The orc knight is severely wounded.
You barely miss the orc knight with your +0 broad axe.
You hit the orc warrior with your +0 broad axe.
You slash the orc knight with your +0 broad axe!
The orc knight is severely wounded.
You slash the orc warrior with your +0 broad axe!
You hit the orc knight with your +1 short sword of speed.
An orc comes into view. It is wielding a +0 flail.
The orc priest invokes the aid of Beogh against you.
Beogh smites you!
The orc warrior hits you from afar with a +0 halberd.
You take 18 damage, and have 59/133 hp.
You closely miss the orc knight with your +1 short sword of speed.
The orc knight is severely wounded.
You slash the orc knight with your +0 broad axe!
You kill the orc knight!
Trog accepts your kill.
You closely miss the orc with your +0 broad axe.
You closely miss the orc warrior with your +0 broad axe.
Your Evocations skill increases to level 3!
You have reached level 12!
You feel agile.
You regained 4 hp, and now have 63/142 hp.
MP restored: 12 You hit the orc warrior with your +1 short sword of speed.
The orc warrior is severely wounded.
You closely miss the orc warrior with your +0 broad axe.
You hit the orc with your +0 broad axe. The orc hits you with a +0 flail!
The orc warrior hits you with a +0 long sword!
The orc warrior closely misses you.
You take 18 damage, and have 45/142 hp.
You are too injured to fight recklessly!
You are too injured to fight recklessly!
You closely miss the orc with your +0 broad axe.
The orc is almost dead.
You hit the orc warrior with your +0 broad axe.
You puncture the orc with your +1 short sword of speed!
You kill the orc!
Trog accepts your kill.
You slash the orc warrior with your +0 broad axe!
You kill the orc warrior!
Trog accepts your kill.
The orc warrior hits you from afar with a +0 halberd!
* * * LOW HITPOINT WARNING * * *
You take 8 damage, and have 38/142 hp.
You puncture the orc warrior with your +1 short sword of speed!
The orc warrior is moderately wounded.
You hit the orc warrior but do no damage.
You are no longer berserk.
You are exhausted.
You feel yourself slow down.
You now have 25/95 hp.
The orc warrior hits you but does no damage. x2
You see here a +0 hand axe.
You fail to use your ability.
The orc warrior hits you with a +0 battleaxe.
* * * LOW HITPOINT WARNING * * *
The orc warrior closely misses you.
You take 3 damage, and have 23/95 hp.
Your ogre goes berserk!
The orc warrior hits you with a +0 battleaxe!
* * * LOW HITPOINT WARNING * * *
The orc warrior hits your ogre with a +0 battleaxe!
The orc completely misses your ogre.
The orc warrior hits you from afar with a +0 halberd.
* * * LOW HITPOINT WARNING * * *
The orc warrior hits you with a +0 battleaxe!
* * * LOW HITPOINT WARNING * * *
The orc warrior hits your ogre with a +0 battleaxe!
The orc barely misses your ogre. The orc warrior closely misses you.
You take 15 damage, and have 8/95 hp.
Aiming: Paralyse
Press: ? - help, Shift-Dir - straight line, f - orc warrior
Aim: an orc warrior, wielding a +0 battleaxe and wearing a +0 plate armour (moderately wounded, chance to affect: 57%)
The orc warrior suddenly stops moving!
Your ogre hits the orc with a +0 giant spiked club!
The orc dies!
Trog accepts your kill.
The orc warrior hits you from afar with a +0 halberd!
You die...

#.# ##.###### #.#
...?....# #.# ........#
#.# ........# #.# #
........# #.# # # ##
........# #.# ###.#.#.
.......O######.###......#.
......)oo@$).)..|..##.#...
.....ooo#####†#######.....
......o.# #.# #####.
.....o.o# #.# ## ...oo...#
#.# ###....## #.# #..###
#'# ..o ... .?.


You could see 3 orc warriors, an orc priest, 5 orcs and a friendly ogre
(summoned, berserk).

Vanquished Creatures
  A two-headed ogre (D:10)
  A deep elf pyromancer (D:9)
  An orc knight (D:11)
  3 manticores (D:11)
  An unseen horror (D:11)
  A troll (D:9)
  4 wyverns
  2 vampires (D:11)
  A shadow (D:10)
  15 yaks
  3 wraiths
  A basilisk (D:11)
  2 acid dragons (D:10)
  2 water moccasins
  11 orc warriors
  3 black bears
  4 sky beasts
  A swamp drake (D:9)
  2 ogres
  5 centaurs
  A kobold brigand (D:8)
  A weeping skull (D:9)
  4 bullfrogs
  4 scorpions
  4 gnoll sergeants
  9 wights
  6 killer bees
  An electric eel (D:6)
  7 howler monkeys
  A crimson imp (D:9)
  2 jellies
  4 orc priests
  8 hounds
  2 gnoll boudas
  An iron imp (D:9)
  2 iguanas
  11 orc wizards
  3 sleepcaps
  23 gnolls (D:6)
  9 adders
  2 shadow imps
  A white imp (D:9)
  A ribbon worm (D:3)
  A dart slug (D:1)
  42 orcs
  3 bats
  7 endoplasms
  4 giant cockroaches
  11 goblins
  6 hobgoblins
  3 jackals (D:6)
  2 quokkas
  5 ball pythons
  4 frilled lizards
  13 kobolds
  7 rats
  A spectral orc (D:9)
280 creatures vanquished.

Vanquished Creatures (collateral kills)
  A deep elf zephyrmancer (D:9)
  An orc (D:11)
2 creatures vanquished.

Vanquished Creatures (others)
  An orc wizard (D:9)
1 creature vanquished.

Grand Total: 283 creatures vanquished

Notes
Turn   | Place    | Note
-------+----------+-------------------------------------------
     0 | D:1      | backslashecho the Coglin Berserker began the quest for the
                  | Orb.
     0 | D:1      | Reached XP level 1. HP: 18/18 MP: 1/1
   181 | D:1      | Reached XP level 2. HP: 19/24 MP: 2/2
   569 | D:1      | Reached skill level 1 in Short Blades
   604 | D:1      | Reached XP level 3. HP: 21/29 MP: 3/3
  1224 | D:2      | Reached ** piety under Trog
  1225 | D:2      | Reached XP level 4. HP: 32/35 MP: 4/4
  1557 | D:2      | Reached skill level 4 in Axes
  1811 | D:3      | Noticed a sky beast
  1818 | D:3      | Killed a sky beast
  1819 | D:3      | Reached XP level 5. HP: 42/42 MP: 5/5
  1991 | D:3      | Found a hazy altar of Hepliaklqana.
  2143 | D:3      | Found a faded altar of an unknown god.
  2218 | D:3      | Found a white marble altar of Elyvilon.
  2427 | D:3      | Reached skill level 5 in Axes
  2427 | D:3      | Reached XP level 6. HP: 19/48 MP: 6/6
  2596 | D:3      | Found a faded altar of an unknown god.
  2884 | D:4      | Found a hide-covered altar of Uskayaw.
  2885 | D:4      | Noticed a sky beast
  2906 | D:4      | Killed a sky beast
  3139 | D:4      | Found a staircase to the Ecumenical Temple.
  3213 | D:4      | Reached skill level 6 in Axes
  3213 | D:4      | Reached XP level 7. HP: 54/55 MP: 7/7
  3283 | D:4      | Found an opulent altar of Gozag.
  3486 | D:4      | Found Yluzuod's Antique Weapon Shop.
  3489 | D:4      | Bought a runed war axe for 175 gold pieces
  3700 | D:5      | Entered Level 5 of the Dungeon
  3900 | D:5      | Reached skill level 5 in Fighting
  3905 | D:4      | Found a radiant altar of Vehumet.
  4004 | D:5      | Reached skill level 7 in Axes
  4027 | D:5      | Reached XP level 8. HP: 63/63 MP: 8/8
  4071 | D:5      | Found a sparkling altar of Nemelex Xobeh.
  4610 | D:6      | Reached skill level 8 in Axes
  5007 | D:6      | Reached *** piety under Trog
  5067 | D:6      | Reached XP level 9. HP: 55/71 MP: 9/9
  5234 | D:6      | Reached skill level 9 in Axes
  5421 | D:4      | Bought a broad axe for 108 gold pieces
  5515 | D:6      | Found a stormy altar of Qazlal.
  7105 | D:8      | Reached skill level 10 in Axes
  7189 | D:8      | Found Cosi's Weapon Shop.
  7432 | D:8      | Bought a +2 whip of electrocution for 218 gold pieces
  8378 | D:9      | Reached skill level 11 in Axes
  8378 | D:9      | Reached XP level 10. HP: 80/80 MP: 10/10
  8614 | D:9      | Found a basalt altar of Yredelemnul.
  8619 | D:9      | Reached **** piety under Trog
  8639 | D:9      | Found a staircase to the Lair.
  8742 | D:9      | Reached skill level 12 in Axes
  9040 | D:9      | Reached skill level 9 in Fighting
  9189 | D:9      | Noticed a deep elf pyromancer
  9192 | D:9      | Killed a deep elf pyromancer
  9193 | D:9      | Identified the +1 hat of the Lute {rPois Str+3}
  9299 | D:9      | Noticed a deep elf zephyrmancer
  9312 | D:9      | Killed a deep elf zephyrmancer
  9812 | D:9      | Found a roughly hewn altar of Beogh.
  9812 | D:9      | Found a staircase to the Orcish Mines.
  9826 | D:9      | Reached XP level 11. HP: 78/89 MP: 11/11
 10057 | D:9      | Reached skill level 13 in Axes
 10205 | D:10     | Entered Level 10 of the Dungeon
 10248 | D:10     | Found Gylo's General Store.
 10300 | D:10     | Identified the beast talisman of Parlour Games {rElec
                  | Slay+2}
 10445 | D:10     | Found a shimmering altar of Xom.
 10446 | D:10     | Noticed a two-headed ogre
 10457 | D:10     | Killed a two-headed ogre
 11303 | D:11     | Noticed a manticore
 11494 | D:11     | Noticed a manticore
 11498 | D:11     | Killed a manticore
 11584 | D:11     | HP: 4/133 [manticore (17)]
 11585 | D:11     | Killed a manticore
 11586 | D:11     | Reached skill level 14 in Axes
 11586 | D:11     | Reached skill level 5 in Armour
 11586 | D:11     | Reached skill level 5 in Dodging
 11947 | D:11     | Reached skill level 1 in Evocations
 12330 | D:11     | Noticed a manticore
 12338 | D:11     | Killed a manticore
 12786 | D:11     | Noticed an orc knight
 12800 | D:11     | Killed an orc knight
 12801 | D:11     | Reached XP level 12. HP: 63/95 MP: 12/12
 12808 | D:11     | Slain by an orc warrior

Illustrated notes

Levels and vault maps discovered:
D:1:      nicolae_arrival_memento_mori, layout_basic, minmay_tetromino_l2
D:2:      layout_loops_ring
D:3:      layout_basic, nzn_hepliaklqana_mist_gate,
          nicolae_overflow_ecumenical_swirl, chequers_ecumenical_altar_lobes
D:4:      layout_basic, eat_drink_and_be_merry_uskayaw,
          nicolae_overflow_hidden_temple, minmay_temple_entry_statues_fountains,
          serial_shops, nicolae_shop_real_fake_doors, guppyfry_early_lair_pool
D:5:      layout_basic, nemelex_xobeh_ov_fountains_minmay,
          hangedman_abyss_or_decor_lesser_grid
D:6:      layout_cave_pools, nicolae_qazlal_scattered_showers,
          serial_gnoll_camp, gnoll_camp_huts_moat, gnoll_camp_mini_loothouse,
          gnoll_camp_mini_basic, gnoll_camp_mini_sergeant
D:7:      layout_rooms
D:8:      layout_basic, serial_shops, nicolae_stop_n_shop_1
D:9:      layout_cave_pods, yredelemnul_forgotten_temple_becter,
          lair_entry_dummy, david_orc_5, hangedman_minor_magic
D:10:     layout_cross, serial_shops, nicolae_shop_statue_plus, serial_park,
          serial_park_gazebo [serial_park_minivault_5x5_1], serial_park_avenue1,
          serial_park_square3 [serial_park_minivault_5x5_4],
          serial_park_tiny_pond, serial_park_square3
          [serial_park_minivault_5x5_2], chequers_serial_rivers_micro_e,
          minivault_26, chequers_serial_rivers_large_b
D:11:     layout_roguey [special_room_orc], kennysheep_nondescript,
          moated_statue, minmay_bent

Skill      XL: |  1  2  3  4  5  6  7  8  9 10 11 |
---------------+----------------------------------+-----
Armour         | 2 3 5 |  5.6
Short Blades   | 1 2 4 |  4.0
Dodging        | 2 3 5 |  5.0
Axes           | 4 5 6 7 8 11 12 14 | 14.5
Fighting       | 4 5 6 8 9 |  9.0
Evocations     | 3 |  3.3

Action                     |  1- 3 |  4- 6 |  7- 9 | 10-12 || total
---------------------------+-------+-------+-------+-------++-------
  Melee: Hand axe          |    85 |    33 |       |       ||   118
         Dagger            |    77 |    88 |   191 |       ||   356
         Mace              |       |    39 |       |       ||    39
         War axe           |       |    12 |   239 |   125 ||   376
         Whip              |       |       |    20 |   115 ||   135
         Broad axe         |       |       |       |   211 ||   211
         Short sword       |       |       |       |   194 ||   194
 Invoke: Berserk           |       |     2 |     6 |     8 ||    16
         Trog's Hand       |       |     2 |       |     5 ||     7
         Brothers in Arms  |       |       |       |     2 ||     2
  Evoke: Wand              |       |       |     4 |     1 ||     5
    Use: Scroll            |       |       |    11 |     4 ||    15
 Armour: Animal skin       |    11 |       |       |       ||    11
         Chain mail        |    45 |    78 |   249 |    12 ||   384
         Plate armour      |       |       |       |   314 ||   314
  Dodge: Dodged            |    33 |    26 |    98 |   113 ||   270

Table legend: (Time is in decaauts)
 A = Elapsed time spent in this place.
 B = Non-inter-level travel time spent in this place.
 C = Inter-level travel time spent in this place.
 D = Time resting spent in this place.
 E = Time spent auto-exploring this place.
 F = Levels seen in this place.
 G = Mean time per level.
                   A        B        C        D        E       F      G
               +--------+--------+--------+--------+--------+-----+--------+
         Total |  12920 |  11940 |    980 |   3001 |   6623 |  11 | 1174.5 |
       Dungeon |  12920 |  11940 |    980 |   3001 |   6623 |  11 | 1174.5 |
               +--------+--------+--------+--------+--------+-----+--------+

Top non-repeatable levels by time:
     D:8: 1679 daAuts
    D:10: 1516 daAuts
     D:9: 1493 daAuts
     D:6: 1432 daAuts
     D:5: 1375 daAuts
     D:3: 1019 daAuts
    D:11: 1005 daAuts
     D:4: 985 daAuts
     D:2: 972 daAuts
     D:1: 844 daAuts
     D:7: 595 daAuts
